 Dungeon Crawl Stone Soup version 0.29.1-15-g9cfb28693d (webtiles) character file.

Game seed: 13581216387104857937

259 Sanktem7 the Trooper (level 5, -1/50 HPs)
             Began as a Minotaur Fighter on Mar 3, 2023.
             Killed by nerve-wracking pain
             ... invoked by Grinder
              (12 damage)
             ... on level 4 of the Dungeon.
             The game lasted 00:06:43 (3093 turns).

Sanktem7 the Trooper (Minotaur Fighter)             Turns: 3093, Time: 00:06:43

Health: -1/50      AC:  9    Str: 22    XL:     5   Next: 95%
Magic:  4/4        EV:  9    Int:  8    God:
Gold:   129        SH:  4    Dex: 10    Spells: 4/4 levels left

rFire   . . .      SeeInvis .   u - +11 trident of Heuvuul {elec, Int+3, polearm}
rCold   . . .      Faith    .   c - +0 buckler
rNeg    . . .      Spirit   .   b - +0 scale mail
rPois   .          Reflect  .   (helmet restricted)
rElec   .          Harm     .   (no cloak)
rCorr   .          Rampage  .   y - +0 pair of gloves
Will    .....                   g - +0 pair of boots
Stlth   ..........              (no amulet)
HPRegen 0.16/turn               (no ring)
MPRegen 0.09/turn               (no ring)

@: no status effects
A: horns 2, retaliatory headbutt
a: no special abilities


You were on level 4 of the Dungeon.
You visited 1 branch of the dungeon, and saw 4 of its levels.

You collected 129 gold pieces.


Innate Abilities, Weirdness & Mutations

You have a pair of horns on your head.
You reflexively headbutt those who attack you in melee.


   Skills:
 * Level 5.8 Fighting
 - Level 4.2(4.5) Axes
 * Level 2.4(3.7) Polearms
 + Level 4.8 Armour
 - Level 3.6 Shields


You had 4 spell levels left.
You didn't know any spells.
Your spell library contained the following spells:

 Spells                   Type           Power      Damage    Failure   Level
 Gell's Gravitas          Tloc           0%         N/A       99%         3
 Lesser Beckoning         Tloc           0%         N/A       99%         3
 Teleport Other           Tloc           0%         N/A       99%         3

Inventory:

Hand Weapons
 a - a +0 war axe {axe}
 u - the +11 trident of Heuvuul (weapon) {elec, Int+3, polearm}
   (You took it off a hobgoblin on level 3 of the Dungeon)

   It occasionally discharges a powerful burst of electricity upon striking a
   foe.
   Int:       It affects your intelligence (+3).
Missiles
 e - 38 stones (quivered) {throwing}
 t - 4 javelins {throwing}
Armour
 b - a +0 scale mail (worn)
 c - a +0 buckler (worn)
 g - a +0 pair of boots (worn)
   (You found it on level 1 of the Dungeon)
 y - a +0 pair of gloves (worn)
   (You found it on level 4 of the Dungeon)
Jewellery
 z - a ring of see invisible
   (You found it on level 4 of the Dungeon)
Wands
 x - a wand of charming (8)
   (You took it off Ijyb on level 4 of the Dungeon)
Scrolls
 f - 3 scrolls of teleportation {unknown}
 j - 2 scrolls of torment {unknown}
 k - 2 scrolls of vulnerability {unknown}
 m - a scroll of poison {unknown}
 o - 2 scrolls of noise {unknown}
 q - a scroll of blinking {unknown}
 r - a scroll of magic mapping {unknown}
 v - 4 scrolls of identify {unknown}
 w - a scroll of enchant weapon {unknown}
Potions
 d - a potion of might
 h - 2 potions of degeneration {unknown}
 i - a potion of invisibility {unknown}
 l - 2 potions of curing {unknown}
 n - 3 potions of heal wounds {unknown}
 p - a potion of attraction {unknown}
 s - a potion of haste {unknown}

Dungeon Overview and Level Annotations

Branches:
Dungeon (4/15) Zot: 20851
 Temple: D:4-7

Altars:
Gozag
Nemelex Xobeh

Annotations:
D:4 Grinder

##.# #..#
..............#
##.##
#..<..........#
#..#
#.............#
#..#
#.............#
#.##
#....[........##
..#
#..............#
.. ..#
#..5).......# #.
..# #..@......#
#.# ###
#........## ..#
# #.......##
##.#
###....#####.#
##.........#
+.#####...# ###
###.# #.# #.##


You could see Grinder.


Message History

No target in view!
No target in view!
No target in view!
No target in view!
No target in view!
No target in view!
No target in view!
No target in view!
No target in view!
No target in view!
No target in view!
No target in view!
No target in view!
No target in view!
No target in view!
No target in view!
No target in view!
No target in view!
No target in view!
No target in view!
No target in view!
No target in view!
No target in view!
No target in view!
No target in view!
No target in view!
No target in view!
No target in view!
No target in view!
No target in view!
No target in view!
No target in view!
No target in view!
No target in view!
No target in view!
No target in view!
No target in view!
No target in view!
No target in view!
No target in view!
You see here a +0 dagger {short}.
z - a ring of see invisible Grinder comes into view.
She is carrying a wand of roots (9).
Grinder shouts!
An ogre comes into view. It is wielding a +0 giant spiked club.
Grinder gestures at you. You resist with significant effort.
The ogre shouts!
Found a stone staircase leading up.
You barely miss Grinder. The ogre barely misses you.
Grinder hits you but does no damage.
You hit Grinder. Grinder gestures at you.
You barely resist.
The ogre hits you with a +0 giant spiked club!!
You are too injured to fight recklessly! 😮 HP[-19]
You take 19 damage, and now have 29/48 hp.
MASSIVE DAMAGE!! (PAUSE)
You puncture the ogre! Lightning courses through the ogre!!
You kill the ogre!
Grinder hits you but does no damage.
Your base Polearms skill increases to level 2! 😮 HP[+1]
You now have 50 max hp (+2).
You hit Grinder. You headbutt Grinder!
Grinder zaps a wand.
The roots erupt in riotous growth!
The grasping roots grab you!
Grinder is unaffected.
The grasping roots constrict you!
* * * LOW HITPOINT WARNING * * *
😨 HP[-6]
You take 6 damage, and now have 24/50 hp.
What are your orders? t - Shout!
Orders for allies: a - Attack new target. r - Retreat! s - Stop attacking. g - Guard the area. f - Follow me.
Anything else - Cancel.
You shout for attention!
Grinder hits you.
* * * LOW HITPOINT WARNING * * *
You writhe in agony.
* * * LOW HITPOINT WARNING * * *
The grasping roots constrict you!
* * * LOW HITPOINT WARNING * * *
The grasping roots release their grip on you. 😱 HP[-13]
You take 13 damage, and now have 11/50 hp.
MASSIVE DAMAGE!! (PAUSE)
What are your orders? t - Shout!
Orders for allies: a - Attack new target. r - Retreat! s - Stop attacking. g - Guard the area. f - Follow me.
Anything else - Cancel.
You shout for attention!
Grinder gestures at you. Pain shoots through your body!
You die...

Skill      XL: |  1  2  3  4  5 |
---------------+----------------+-----
Fighting       | 4 5 |  5.8
Axes           | 3 4 |  4.2
Armour         | 4 |  4.8
Polearms       | 1 2 |  2.4
Shields        | |  3.6

Action                   |  1- 3 |  4- 6 || total
-------------------------+-------+-------++-------
Melee: War axe           |    99 |    31 ||   130
       Headbutt          |     9 |     6 ||    15
       Trident           |       |    37 ||    37
Armor: Scale mail        |    56 |    20 ||    76
Dodge: Dodged            |    53 |    20 ||    73
Block: Buckler           |    23 |    13 ||    36

Levels and vault maps discovered:
D:1:      dpeg_arrival_morbid_curiosity, layout_basic,
          shapermc_ecumenical_altar_mp_highgroup
D:2:      kb_forest_paths, layout_basic, uniq_crazy_yiuf_cottage
D:3:      layout_loops_cross, grunt_temple_overflow_opulence
D:4:      minmay_bubble_buster, layout_cave_pods, nicolae_underground_beach,
          uniq_menkaure, uniq_ijyb, uniq_grinder

Notes
Turn   | Place    | Note
-------+----------+-------------------------------------------
     0 | D:1      | Sanktem7 the Minotaur Fighter began the quest for the Orb.
     0 | D:1      | Reached XP level 1. HP: 19/19 MP: 0/0
     0 | D:1      | magus.rc [v1.9.6]
   195 | D:1      | Reached XP level 2. HP: 27/27 MP: 1/1
   227 | D:1      | Reached skill level 4 in Fighting
   290 | D:1      | Reached skill level 3 in Axes
   484 | D:1      | Reached skill level 4 in Armour
   484 | D:1      | Reached XP level 3. HP: 29/33 MP: 2/2
   549 | D:1      | Found a faded altar of an unknown god.
  1381 | D:2      | You pick up a book of Displacement and begin reading...
  1381 | D:2      | You add the spells Lesser Beckoning, Gell's Gravitas and
                  | Teleport Other to your library.
  1555 | D:2      | Reached XP level 4. HP: 40/41 MP: 3/3
  1649 | D:2      | Reached skill level 4 in Axes
  2001 | D:3      | Reached skill level 5 in Fighting
  2008 | D:3      | Identified the +11 trident of Heuvuul {elec, Int+3}
  2166 | D:3      | Found an opulent altar of Gozag.
  2167 | D:3      | Found a sparkling altar of Nemelex Xobeh.
  2670 | D:4      | Noticed Ijyb
  2686 | D:4      | Killed Ijyb
  2687 | D:4      | Reached skill level 1 in Polearms
  2687 | D:4      | Reached XP level 5. HP: 43/48 MP: 4/4
  3084 | D:4      | Noticed Grinder
  3084 | D:4      | Noticed an ogre
  3090 | D:4      | Killed an ogre
  3091 | D:4      | Reached skill level 2 in Polearms
  3092 | D:4      | HP: 11/50 [constriction (8)]
  3093 | D:4      | Killed from afar by Grinder

Vanquished Creatures
  An ogre (D:4)
  Ijyb (D:4)
  7 adders
  A worm (D:3)
  2 dart slugs
  2 orcs (D:3)
  5 ball pythons
  7 endoplasms
  2 giant cockroaches
  8 goblins
  8 hobgoblins
  4 jackals (D:1)
  4 quokkas
  8 bats
  6 frilled lizards
  5 kobolds
  6 rats
77 creatures vanquished.

Table legend:
 A = Non-vault XP
 B = Vault XP
 C = Vault XP percentage of total XP
 D = Non-vault monster count
 E = Vault monster count
 F = Vault count percentage of total count
                 A         B        C        D         E       F
            +---------+---------+-------+---------+---------+-------
      Total |     284 |      87 |  23.5 |      65 |      12 |  15.6
            +---------+---------+-------+---------+---------+-------
        D:1 |      45 |       9 |  16.7 |      27 |       5 |  15.6
        D:2 |      40 |      43 |  51.8 |      15 |       6 |  28.6
        D:3 |      57 |       0 |   0.0 |      16 |       0 |   0.0
        D:4 |     142 |      35 |  19.8 |       7 |       1 |  12.5
            +---------+---------+-------+---------+---------+-------

Illustrated notes

Table legend:
 A = Kills in this place as a percentage of kills in entire the game.
 B = Kills by you in this place as a percentage of kills by you in the entire game.
 C = Kills by friends in this place as a percentage of kills by friends in the entire game.
 D = Other kills in this place as a percentage of other kills in the entire game.
 E = Experience gained in this place as a percentage of experience gained in the entire game.
 F = Experience gained in this place divided by the number of levels of this place that you have seen.
                   A       B       C       D       E      F
               +-------+-------+-------+-------+-------+----------------------
         Total | 100.0 | 100.0 |   N/A |   N/A | 100.0 |  92.8
       Dungeon | 100.0 | 100.0 |   N/A |   N/A | 100.0 |  92.8
               +-------+-------+-------+-------+-------+----------------------

Table legend: (Time is in decaauts)
 A = Elapsed time spent in this place.
 B = Non-inter-level travel time spent in this place.
 C = Inter-level travel time spent in this place.
 D = Time resting spent in this place.
 E = Time spent auto-exploring this place.
 F = Levels seen in this place.
 G = Mean time per level.
                   A        B        C        D        E       F      G
               +--------+--------+--------+--------+--------+-----+--------+
         Total |   3147 |   3098 |     49 |      0 |   2658 |   4 |  786.8 |
       Dungeon |   3147 |   3098 |     49 |      0 |   2658 |   4 |  786.8 |
               +--------+--------+--------+--------+--------+-----+--------+

Top non-repeatable levels by time:
     D:1: 960 daAuts
     D:2: 893 daAuts
     D:3: 866 daAuts
     D:4: 427 daAuts
